 Dungeon Crawl Stone Soup version 0.30-a0-415-g685d318daa (webtiles) character file.

Game seed: 10250581202245134748

52 CrazyBamboolord the Gusty (level 3, -1/28 HPs)
             Began as a Tengu Air Elementalist on Dec 8, 2022.
             Slain by Sigmund
             ... wielding a +0 scythe
              (4 damage)
             ... on level 2 of the Dungeon.
             The game lasted 00:02:15 (1441 turns).

CrazyBamboolord the Gusty (Tengu Air Elementalist)  Turns: 1441, Time: 00:02:16

Health: -1/28      AC: 21    Str:  8    XL:     3   Next: 85%
Magic:  7/7        EV:  2    Int: 17    God:
Gold:   58         SH:  0    Dex: 14    Spells: 6/7 levels left

rFire   . . .      SeeInvis .    (no weapon)
rCold   . . .      Faith    .    (no shield)
rNeg    . . .      Spirit   .    (body armour currently unavailable)
rPois   +          Reflect  .    (helmet currently unavailable)
rElec   .          Harm     .    (cloak currently unavailable)
rCorr   .          Rampage  .    (gloves currently unavailable)
Will    .....      NoTele   +    (boots unavailable)
Stlth   ++........               (no amulet)
HPRegen 0.24/turn                (no ring)
MPRegen 0.10/turn                (no ring)

@: mighty, tree-form
A: stationary, stasis, torment immunity, boosted hp, (beak), (talons 3)
a: no special abilities


You were on level 2 of the Dungeon.
You were a tree.
You visited 1 branch of the dungeon, and saw 2 of its levels.

You collected 58 gold pieces.

Inventory:

Armour
 a - a +0 robe (melded)
 i - a +0 cloak (melded)
 j - a +0 pair of gloves (melded)
Jewellery
 c - an amulet of faith
Scrolls
 d - 2 scrolls of vulnerability
 e - a scroll of magic mapping
 g - a scroll of immolation {unknown}
Potions
 b - a potion of magic


   Skills:
 * Level 2.5 Dodging
 * Level 2.2 Stealth
 * Level 2.5 Spellcasting
 * Level 2.0 Conjurations
 * Level 5.1 Air Magic


You had 6 spell levels left.
You knew the following spells:

 Your Spells              Type           Power      Damage    Failure   Level
a - Shock                 Conj/Air       56%        1d6       4%          1

Your spell library contained the following spells:

 Spells                   Type           Power      Damage    Failure   Level
 Static Discharge         Conj/Air       28%        2-4/arc   6%          2
 Swiftness                Air            19%        N/A       7%          3
 Airstrike                Air            9%         2d(2-18)  22%         4
 Borgnjor's Revivificati  Necr           1%         N/A       100%        8
 Necromutation            Tmut/Necr      1%         N/A       100%        8
 Death's Door             Necr           1%         N/A       100%        9


Dungeon Overview and Level Annotations

Branches:
Dungeon (2/15)

Altars:

Shops:
D:2 :[[

Annotations:
D:2 Sigmund


Innate Abilities, Weirdness & Mutations

You are a tree.
Your roots penetrate the ground, keeping you stationary.
You cannot be teleported.
You are immune to unholy pain and torment.
Your maximum health is greatly increased.
Your equipment is partially melded.
((You have a beak for a mouth.))
((You have claws for feet.))


Message History

You are no longer poisoned.
The adder misses you.
Aiming: Shock (safe; 4% risk of failure)
Press: ? - help, Q - select action Shift-Dir - straight line That beam is likely to hit you.
Continue anyway?
The zap hits the adder.
You kill the adder!
The zap hits you but does no damage.
Your Conjurations skill increases to level 2!
You start resting.
HP restored.
You start resting.
Magic restored.
You climb downwards.
Level annotation: Sigmund Sigmund points at you and mumbles some strange words.
You are confused.
There is a stone staircase leading up here.
The kobold throws a stone.
The stone closely misses you. Sigmund casts a spell at you.
The magic dart hits you.
In your confused state, you trip and fall back down the stairs.
The kobold throws a stone.
The stone completely misses you. Sigmund closely misses you.
In your confused state, you trip and fall back down the stairs.
Sigmund completely misses you.
In your confused state, you trip and fall back down the stairs.
Sigmund hits you from afar with a +0 scythe!
* * * LOW HITPOINT WARNING * * *
The kobold hits you but does no damage.
It was a potion of might.
You feel very mighty all of a sudden.
You feel less confused. The kobold hits you but does no damage.
It was a potion of lignification.
You turn into a tree.
Your +0 cloak melds into your body.
Your +0 pair of gloves melds into your body.
Your +0 robe melds into your body.
Your roots penetrate the ground.
Sigmund asks, "Do you like me?"
Sigmund hits you from afar with a +0 scythe.
You die...

......## .......## ........#
........############
...................#
.†......##.........#
........##.........## #
.......###..∩.......##...
..(.....##.....K♣.......>
...†....##....@....###...
........##.........# # .
...........######### ...
.............### ######....#
.......###...K@###.......#
......## #####S.............
#....######..........#..∩...
#....##........S............


You could see Sigmund and a kobold.

Vanquished Creatures
  2 adders
  A worm (D:2)
  A dart slug (D:1)
  An endoplasm (D:1)
  A giant cockroach (D:1)
  2 goblins
  2 hobgoblins
  3 jackals (D:1)
  A quokka (D:2)
  4 ball pythons
  4 bats
  3 frilled lizards
  2 kobolds (D:1)
  3 rats
30 creatures vanquished.

Notes
Turn   | Place    | Note
-------+----------+-------------------------------------------
     0 | D:1      | CrazyBamboolord the Tengu Air Elementalist began the quest
                  | for the Orb.
     0 | D:1      | Reached XP level 1. HP: 10/10 MP: 4/4
   432 | D:1      | Reached XP level 2. HP: 15/15 MP: 4/6
  1155 | D:2      | Found Basketal's Book Emporium.
  1157 | D:2      | Reached XP level 3. HP: 19/19 MP: 5/7
  1321 | D:2      | Reached skill level 5 in Air Magic
  1337 | D:2      | Found Juiq's Armour Shoppe.
  1339 | D:2      | Found Meleom Paxy's Antique Armour Emporium.
  1341 | D:2      | Noticed Sigmund
  1441 | D:2      | Slain by Sigmund

Illustrated notes

Levels and vault maps discovered:
D:1:      onia_arrival_handbag, layout_basic
D:2:      minmay_roachtagon, layout_rooms, serial_shops, shop,
          nicolae_lakefront_shop, shop, shop_fountains, shop, uniq_sigmund

Skill      XL: |  1  2  3 |
---------------+----------+-----
Air Magic      | 5 |  5.1
Conjurations   | 2 |  2.0
Dodging        | |  2.5
Stealth        | |  2.2
Spellcasting   | |  2.5

Action                   || total
-------------------------++-------
 Cast: Shock             ||    49
  Use: Scroll            ||     2
       Potion            ||     2
Armor: Robe              ||     4
Dodge: Dodged            ||    16

Table legend: (Time is in decaauts)
 A = Elapsed time spent in this place.
 B = Non-inter-level travel time spent in this place.
 C = Inter-level travel time spent in this place.
 D = Time resting spent in this place.
 E = Time spent auto-exploring this place.
 F = Levels seen in this place.
 G = Mean time per level.
                   A        B        C        D        E       F      G
               +--------+--------+--------+--------+--------+-----+--------+
         Total |   1442 |   1417 |     25 |     54 |   1187 |   2 |  721.0 |
       Dungeon |   1442 |   1417 |     25 |     54 |   1187 |   2 |  721.0 |
               +--------+--------+--------+--------+--------+-----+--------+

Top non-repeatable levels by time:
     D:1: 1222 daAuts
     D:2: 220 daAuts
